[Event "SS Manhem Chess Week 2022: IM Tournament"]
[Site "Schackcentrum, Vegagatan 20, Gothenburg, Sweden"]
[Date "2022.08.06"]
[Round "1.1"]
[White "Rydstrom, Tom"]
[Black "Mitusov, Semen"]
[Result "1/2-1/2"]
[TimeControl "90 minutes for 40 moves + 30 minutes for the rest of the game + 30 seconds per move from move one."]
[WhiteTitle "FM"]
[BlackTitle "FM"]
[WhiteFideId "1714830"]
[BlackFideId "14151049"]
[WhiteElo "2304"]
[BlackElo "2415"]

1. e4 e5 2. Nf3 Nc6 3. Bc4 Bc5 4.
d3 Nf6 5. Nbd2 d6 6. c3 a6 7. Bb3 h6 8. Nf1 O-O 9. h3 Be6 10. g4 Nh7 11. Ng3 Bb6 12. Qe2 d5 13. Nf5 dxe4 14.
dxe4 Na5 15. Qc2 Nxb3 16. axb3 Re8 17. Bd2 Qd7 18. O-O-O Qb5 19. c4 Qc5 20. Rhf1 f6 21. Kb1 Qc6 22.
Bb4 Bc5 23. Bxc5 Qxc5 24. h4 b5 25. Ne3 a5 26. g5 hxg5 27. hxg5 Nxg5 28. Nxg5 fxg5 29. Rg1 a4 30. b4 Qxb4 31.
Rxg5 a3 32. Rdg1 Re7 33. Rxe5 bxc4 34. Qc3 Qxc3 35. bxc3 c6 36. Ka2 Kf7 37. f4 Rae8 38. Rc5 Kf8 39. e5 Rf7 40. Rf1 Bd5 41. Nxd5 cxd5 42. Rxd5 Rf5 43. Rc5 1/2-1/2

[Event "SS Manhem Chess Week 2022: IM Tournament"]
[Site "Schackcentrum, Vegagatan 20, Gothenburg, Sweden"]
[Date "2022.08.06"]
[Round "1.2"]
[White "Johnson, Daniel"]
[Black "Jacobsen, Mikkel Manosri"]
[Result "1-0"]
[TimeControl "90 minutes for 40 moves + 30 minutes for the rest of the game + 30 seconds per move from move one."]
[BlackTitle "FM"]
[WhiteFideId "1721283"]
[BlackFideId "1444514"]
[WhiteElo "2207"]
[BlackElo "2320"]

1. d4 Nf6 2. c4 c5 3. d5 e5 4. Nc3 d6 5. e4 Be7 6. Bd3 Nbd7 7. Nge2 h5 8. f3 h4 9. Be3 Nh7 10.
Qd2 a6 11. a3 Bg5 12. b4 Bxe3 13. Qxe3 Qg5 14. Qxg5 Nxg5 15. h3 Kd8 16. Na4 Kc7 17. O-O Rb8 18. Nec3 b6 19. Rab1 Nf6 20.
Rb2 Bd7 21. Rfb1 Bxa4 22. Nxa4 Nh5 23. bxc5 bxc5 24. Rb6 Nf4 25. Rc6+ Kd7 26. Nb6+ Ke7 27. Bf1 Rhd8 28. a4 Ke8 29.
Rc7 Nh7 30. a5 Nf6 31. Ra7 Rd7 32. Rxa6 Rdb7 33. Rb5 Kd8 34. Na4 Ne8 35. Rc6 Ng6 36. a6 Rxb5 37. cxb5 Ne7 38. a7 Ra8 39.
Ra6 Nc8 40. b6 1-0

[Event "SS Manhem Chess Week 2022: IM Tournament"]
[Site "Schackcentrum, Vegagatan 20, Gothenburg, Sweden"]
[Date "2022.08.06"]
[Round "1.3"]
[White "Heimisson, Hilmir Freyr"]
[Black "Olsson, William"]
[Result "0-1"]
[TimeControl "90 minutes for 40 moves + 30 minutes for the rest of the game + 30 seconds per move from move one."]
[WhiteTitle "IM"]
[BlackTitle "FM"]
[WhiteFideId "2309998"]
[BlackFideId "1741721"]
[WhiteElo "2323"]
[BlackElo "2311"]

1. e4 c5 2. c3 Nf6 3. e5 Nd5 4. Nf3 e6 5. d4 cxd4 6. cxd4 d6 7. Bc4 Nc6 8. O-O Be7 9. Qe2 O-O 10.
Qe4 Qb6 11. Bb3 dxe5 12. dxe5 Qb4 13. Qe2 Rd8 14. Bd2 Qg4 15. Rc1 Nf4 16. Bxf4 Qxf4 17. Rc4 Qh6 18. Bc2 Qc1+ 19. Ne1 Nd4 20.
Qe4 Nxc2 21. Rxc2 Qd1 22. h3 Rd4 23. Qe3 Bg5 24. Qxg5 Qxe1+ 25. Kh2 h6 26. Qe3 Qxe3 27. fxe3 Rd1 28. Rd2 Rc1 29. Rd8+ Kh7 30.
Rf8 b6 31. a3 Rf1 32. Rd8 Bb7 33. Rd7 Ba6 34. b4 Rc8 35. a4 Bc4 36. e4 Re1 37. b5 Bf1 38. Ra2 Rxb1 39. Rf2 a6 40.
Rfxf7 Rg8 41. Rb7 axb5 42. Rxb6 Bd3 43. a5 Bxe4 44. g4 Bd5 45. a6 b4 46. Kg3 b3 47. a7 Ra1 48. Rb8 Rxa7 0-1

[Event "SS Manhem Chess Week 2022: IM Tournament"]
[Site "Schackcentrum, Vegagatan 20, Gothenburg, Sweden"]
[Date "2022.08.06"]
[Round "1.4"]
[White "Pantzar, Milton"]
[Black "Ingebretsen, Jens E"]
[Result "1-0"]
[TimeControl "90 minutes for 40 moves + 30 minutes for the rest of the game + 30 seconds per move from move one."]
[WhiteTitle "IM"]
[BlackTitle "FM"]
[WhiteFideId "1721003"]
[BlackFideId "1522965"]
[WhiteElo "2447"]
[BlackElo "2325"]

1. Nf3 d5 2. g3 c6 3. Bg2 Bg4 4. O-O Nd7 5. d3 e5 6. h3 Bh5 7. c4 Bd6 8. cxd5 cxd5 9. Nc3 Ne7 10.
g4 Bg6 11. Nh4 Nb6 12. Qb3 Nc6 13. Nxg6 hxg6 14. a4 d4 15. Ne4 Bb4 16. a5 Nd5 17. Ng5 Nce7 18. Ra4 O-O 19. Rxb4 Nxb4 20.
Qxb4 Rb8 21. Bd2 Nd5 22. Qb5 Ne3 23. Bxe3 dxe3 24. Qxe5 Re8 25. Qf4 Qe7 26. Bd5 1-0

[Event "SS Manhem Chess Week 2022: IM Tournament"]
[Site "Schackcentrum, Vegagatan 20, Gothenburg, Sweden"]
[Date "2022.08.06"]
[Round "1.5"]
[White "Ernst, Thomas"]
[Black "Kucuksari, Kaan"]
[Result "0-1"]
[TimeControl "90 minutes for 40 moves + 30 minutes for the rest of the game + 30 seconds per move from move one."]
[WhiteTitle "GM"]
[BlackTitle "FM"]
[WhiteFideId "1700065"]
[BlackFideId "6380166"]
[WhiteElo "2323"]
[BlackElo "2398"]

1. e4 c5 2. Nf3 d6 3. d4 cxd4 4. Nxd4 Nf6 5. Nc3 Nc6 6. Be2 e5 7. Nf3 h6 8. O-O Be7 9. Re1 O-O 10.
h3 a6 11. Bf1 Qc7 12. a4 Be6 13. Nd5 Bxd5 14. exd5 Nb4 15. c4 a5 16. Nh2 Nd7 17. Bd2 Nc5 18. Bc3 f5 19. g4 Bh4 20.
Nf3 Bxf2+ 21. Kxf2 fxg4 22. hxg4 e4 23. Re3 Rxf3+ 24. Rxf3 exf3 25. Kxf3 Rf8+ 26. Kg2 Ne4 27. Bd4 Qf7 28.
Be2 Qf4 29. Ra3 Nf2 30. Be3 Nxd1 31. Bxf4 Rxf4 32. Bxd1 Rxc4 33. Rc3 Rxc3 34. bxc3 Nd3 35. Kf3 Kf7 36. Ke3 Ne5 37. Be2 Kf6 38.
Kf4 Ng6+ 39. Ke4 Kg5 40. c4 b6 41. Kf3 Ne5+ 42. Kg3 0-1

[Event "SS Manhem Chess Week 2022: IM Tournament"]
[Site "Schackcentrum, Vegagatan 20, Gothenburg, Sweden"]
[Date "2022.08.07"]
[Round "2.1"]
[White "Olsson, William"]
[Black "Pantzar, Milton"]
[Result "0-1"]
[TimeControl "90 minutes for 40 moves + 30 minutes for the rest of the game + 30 seconds per move from move one."]
[WhiteTitle "FM"]
[BlackTitle "IM"]
[WhiteFideId "1741721"]
[BlackFideId "1721003"]
[WhiteElo "2311"]
[BlackElo "2447"]

1. c4 e6 2. Nf3 d5 3. g3 Nf6 4. Bg2 Be7 5. O-O O-O 6. b3 c6 7. Bb2 b6 8. e3 Bb7 9. Qe2 Nbd7 10.
d3 Qc7 11. e4 dxe4 12. dxe4 e5 13. Nc3 Rfe8 14. Ne1 Nc5 15. Nd3 Nxd3 16. Qxd3 Rad8 17. Qc2 Bc8 18. Rad1 h5 19. h3 h4 20.
g4 Nh7 21. Ne2 Rxd1 22. Rxd1 Ng5 23. Rd3 Bc5 24. Bc1 Qe7 25. Bxg5 Qxg5 26. Qd2 Qf6 27. Bf3 Qe7 28. Nc3 Be6 29.
Kg2 Bb4 30. Qc2 Rd8 31. Ne2 Rxd3 32. Qxd3 Kf8 33. Nc3 Ke8 34. Nd1 Bc5 35. Ne3 g6 36. Qd2 Qg5 37. Nf1 Qxd2 38. Nxd2 Kd7 39.
Bd1 g5 40. Nf3 f6 41. Ne1 Kd6 42. Kf3 Bd4 43. Ke2 Bc3 44. Nc2 Bb2 45. Ne1 Bc3 46. Nc2 a5 47. Kd3 Bb2 48. f3 Kc5 49.
a3 b5 50. b4+ Kb6 51. cxb5 Kxb5 52. a4+ Ka6 53. Be2 Bb3 54. Kd2+ Kb7 55. bxa5 Bxa4 56. Ne3 Bd4 57. Nc4 Bc5 58.
Kc3 Bb5 59. Kb3 Ka6 60. Bf1 Be7 61. Be2 Bd8 62. Bd3 Bxa5 63. Be2 Bd8 64. Bd3 Be7 65. Be2 Kb7 66. Na5+ Kb6 67. Nc4+ Kc5 68.
Kc3 Bd8 69. Bd3 Bc7 70. Be2 Ba5+ 71. Kb3 Be1 0-1

[Event "SS Manhem Chess Week 2022: IM Tournament"]
[Site "Schackcentrum, Vegagatan 20, Gothenburg, Sweden"]
[Date "2022.08.07"]
[Round "2.2"]
[White "Mitusov, Semen"]
[Black "Kucuksari, Kaan"]
[Result "1-0"]
[TimeControl "90 minutes for 40 moves + 30 minutes for the rest of the game + 30 seconds per move from move one."]
[WhiteTitle "FM"]
[BlackTitle "FM"]
[WhiteFideId "14151049"]
[BlackFideId "6380166"]
[WhiteElo "2415"]
[BlackElo "2398"]

1. e4 c6 2. d4 d5 3. e5 c5 4. dxc5 Nc6 5. f4 e6 6. Be3 d4 7. Bf2 Bxc5 8. Nd2 Nge7 9. a3 Nf5 10.
Bd3 a5 11. Qf3 a4 12. Ne2 Qa5 13. O-O-O Bd7 14. Nc4 Qc7 15. Bxf5 exf5 16. Nxd4 Nxd4 17. Bxd4 O-O 18. Bxc5 Qxc5 19.
Rxd7 Qxc4 20. Kb1 Rac8 21. Qf2 Rfd8 22. Rhd1 Rxd7 23. Rxd7 h6 24. Rd4 Qc6 25. Qd2 Rc7 26. c3 b5 27.
Qc2 g6 28. Qd2 Kh7 29. h4 h5 30. Ka1 Kg7 31. Rd8 Kh7 32. Qd5 Qa6 33. Ra8 Rd7 34. Qxf7+ 1-0

[Event "SS Manhem Chess Week 2022: IM Tournament"]
[Site "Schackcentrum, Vegagatan 20, Gothenburg, Sweden"]
[Date "2022.08.07"]
[Round "2.3"]
[White "Rydstrom, Tom"]
[Black "Johnson, Daniel"]
[Result "1/2-1/2"]
[TimeControl "90 minutes for 40 moves + 30 minutes for the rest of the game + 30 seconds per move from move one."]
[WhiteTitle "FM"]
[WhiteFideId "1714830"]
[BlackFideId "1721283"]
[WhiteElo "2304"]
[BlackElo "2207"]

1. e4 e5 2. Nf3 Nc6 3. Bc4 Bc5 4. c3 Nf6 5. d3 d6 6. Nbd2 a6 7. Bb3 h6 8. h3 O-O 9. O-O Ba7 10.
Re1 Ne7 11. d4 Ng6 12. Nf1 c6 13. Ng3 Re8 14. a4 Be6 15. a5 Bxb3 16.
Qxb3 Qc7 17. Be3 exd4 18. Bxd4 Bxd4 19. cxd4 Re6 20. Qc3 Qd7 21. Nd2 Rae8 22. Re3 h5 23. Rae1 h4 24. Nf5 Qd8 25.
b4 Nh5 26. Kh2 Qf6 27. g4 hxg3+ 28. fxg3 Ne7 29. g4 Nf4 30. Rf1 g5 31. Ref3 Nxf5 32. gxf5 R6e7 33. Rxf4 gxf4 34. Rxf4 Qh6 35.
Qf3 f6 36. Nf1 Rg7 37. Ne3 Qg5 38. Rg4 Qh6 39. Rf4 Qg5 40. Rg4 Qh6 41. Rf4 Qg5 1/2-1/2

[Event "SS Manhem Chess Week 2022: IM Tournament"]
[Site "Schackcentrum, Vegagatan 20, Gothenburg, Sweden"]
[Date "2022.08.07"]
[Round "2.4"]
[White "Jacobsen, Mikkel Manosri"]
[Black "Heimisson, Hilmir Freyr"]
[Result "1/2-1/2"]
[TimeControl "90 minutes for 40 moves + 30 minutes for the rest of the game + 30 seconds per move from move one."]
[WhiteTitle "FM"]
[BlackTitle "IM"]
[WhiteFideId "1444514"]
[BlackFideId "2309998"]
[WhiteElo "2320"]
[BlackElo "2323"]

1. d4 Nf6 2. c4 e6 3. Nf3 d5 4. Nc3 dxc4 5. e3 a6 6. a4 b6 7. Bxc4 Bb7 8. O-O Nbd7 9. Qe2 c5 10.
Ne5 Bd6 11. f4 O-O 12. Bd2 Qe7 13. Be1 Rfc8 14. Bh4 Nf8 15. d5 b5 16. axb5 axb5 17. Rxa8 Rxa8 18. Bxb5 exd5 19. Ng4 Ng6 20.
Bxf6 gxf6 21. Nh6+ Kh8 22. Nf5 Qe6 23. Bd3 Bf8 24. Rf3 Ra1+ 25. Kf2 d4 26. Rh3 dxe3+ 27. Nxe3 Qd6 28. g3 Bc8 29.
Rh5 c4 30. Nxc4 Qd7 31. Ne4 Qa7+ 32. Qe3 Qe7 33. Qd4 Bg7 34. Rc5 Bh3 35. Qd6 Rh1 36. Qxe7 Nxe7 37. Ned6 Rxh2+ 38. Ke3 Be6 39.
f5 Bh6+ 40. Kd4 Bxc4 41. Kxc4 Rxb2 42. Rc7 Bf8 43. Be4 Rb6 44. Nxf7+ Kg8 45. Nd8 Rb4+ 46. Kxb4 Nd5+ 47. Kb5 Nxc7+ 48. Kc6 Na6 49. Bd5+ Kh8 50. Kd7 Ba3 51. Ne6 Nc5+ 52. Ke8 Nxe6 53. fxe6 Kg7 54. e7 Kg6 55. Kd7 Bxe7 56. Kxe7 Kg5 57.
Bf3 h5 58. Bxh5 Kxh5 59. Kxf6 Kg4 60. Ke6 Kxg3 1/2-1/2

[Event "SS Manhem Chess Week 2022: IM Tournament"]
[Site "Schackcentrum, Vegagatan 20, Gothenburg, Sweden"]
[Date "2022.08.07"]
[Round "2.5"]
[White "Ingebretsen, Jens E"]
[Black "Ernst, Thomas"]
[Result "1-0"]
[TimeControl "90 minutes for 40 moves + 30 minutes for the rest of the game + 30 seconds per move from move one."]
[WhiteTitle "FM"]
[BlackTitle "GM"]
[WhiteFideId "1522965"]
[BlackFideId "1700065"]
[WhiteElo "2325"]
[BlackElo "2323"]

1. d4 Nf6 2. c4 g6 3. Nc3 d5 4. cxd5 Nxd5 5. Bd2 Nb6 6. e3 Bg7 7. h4 h5 8. Nf3 O-O 9. Ng5 e5 10.
dxe5 Bxe5 11. Be2 N8d7 12. Qc2 Nf6 13. e4 Qe7 14. O-O-O Bd7 15. f4 Bd4 16. e5 Ng4 17. Nce4 Bf5 18.
Bxg4 hxg4 19. h5 Kg7 20. g3 f6 21. hxg6 Bxg6 22. exf6+ Rxf6 23. Bc3 Bxc3 24. Qxc3 Bxe4 25. Rhe1 Kf8 26.
Nh7+ Qxh7 27. Qxf6+ Kg8 28. Qe6+ 1-0

[Event "SS Manhem Chess Week 2022: IM Tournament"]
[Site "Schackcentrum, Vegagatan 20, Gothenburg, Sweden"]
[Date "2022.08.07"]
[Round "3.1"]
[White "Pantzar, Milton"]
[Black "Jacobsen, Mikkel Manosri"]
[Result "1/2-1/2"]
[TimeControl "90 minutes for 40 moves + 30 minutes for the rest of the game + 30 seconds per move from move one."]
[WhiteTitle "IM"]
[BlackTitle "FM"]
[WhiteFideId "1721003"]
[BlackFideId "1444514"]
[WhiteElo "2447"]
[BlackElo "2320"]

1. c4 e6 2. Nf3 d5 3. e3 Nf6 4. b3 c5 5. Bb2 Nc6 6. cxd5 exd5 7. Bb5 Bd6 8. O-O O-O 9. d4 cxd4 10.
Nxd4 Bd7 11. Be2 Re8 12. Nf3 Bg4 13. Nc3 Rc8 14. h3 Bxf3 15. Bxf3 Be5 16. Rc1 d4 17. exd4 Nxd4 18. Bxb7 Rxc3 19.
Bxc3 Ne2+ 20. Qxe2 Bh2+ 21. Kh1 Rxe2 22. Bxf6 gxf6 23. Rc8 Qxc8 24. Bxc8 Be5 25. f4 Bc7 26. a4 Re3 27. Rf3 Rxf3 28.
gxf3 a5 29. f5 Bd6 30. Kg2 Bb4 31. Ba6 Bc3 32. Bb5 Bb4 33. Bc4 Bc3 34. Bd3 Bd2 35. Bc2 Bc3 36. Bb1 Bb4 37. Bc2 Bc3 38.
Bd3 Bb4 39. Bc4 Bc3 40. Bb5 Bb4 1/2-1/2

[Event "SS Manhem Chess Week 2022: IM Tournament"]
[Site "Schackcentrum, Vegagatan 20, Gothenburg, Sweden"]
[Date "2022.08.07"]
[Round "3.2"]
[White "Johnson, Daniel"]
[Black "Mitusov, Semen"]
[Result "1/2-1/2"]
[TimeControl "90 minutes for 40 moves + 30 minutes for the rest of the game + 30 seconds per move from move one."]
[BlackTitle "FM"]
[WhiteFideId "1721283"]
[BlackFideId "14151049"]
[WhiteElo "2207"]
[BlackElo "2415"]

1. d4 d5 2. Nc3 Nf6 3. Bf4 c5 4. e4 Nxe4 5. Nxe4 dxe4 6. dxc5 Qa5+ 7. c3 Qxc5 8. Qa4+ Nc6 9. Qxe4 Bf5 10.
Qa4 Rd8 11. Nf3 e6 12. Be2 Be7 13. O-O O-O 14. Rfd1 Qb6 15. Qb3 Bc5 16. Qxb6 Bxb6 17. Ne5 Nxe5 18. Bxe5 Bc2 19. Re1 Rd5 20.
Bf3 Rd2 21. Re2 Rd1+ 22. Re1 Rd2 23. Re2 Rfd8 24. Bd4 Rxe2 25. Bxb6 Rd6 26. Bxe2 Rxb6 27. b3 Rd6 28. Kf1 b6 29.
Rc1 Be4 30. f3 Bb7 31. Rd1 Rxd1+ 32. Bxd1 Kf8 33. Ke2 Ke7 34. Ke3 e5 35. Bc2 Ke6 36. g4 h6 37. c4 g6 38. b4 f5 39.
gxf5+ gxf5 40. f4 Bc6 1/2-1/2

[Event "SS Manhem Chess Week 2022: IM Tournament"]
[Site "Schackcentrum, Vegagatan 20, Gothenburg, Sweden"]
[Date "2022.08.07"]
[Round "3.3"]
[White "Heimisson, Hilmir Freyr"]
[Black "Rydstrom, Tom"]
[Result "1-0"]
[TimeControl "90 minutes for 40 moves + 30 minutes for the rest of the game + 30 seconds per move from move one."]
[WhiteTitle "IM"]
[BlackTitle "FM"]
[WhiteFideId "2309998"]
[BlackFideId "1714830"]
[WhiteElo "2323"]
[BlackElo "2304"]

1. d4 c5 2. d5 e5 3. c4 d6 4. Nc3 Be7 5. e4 Bg5 6. Bd3 Bxc1 7. Rxc1 Ne7 8. Nge2 O-O 9. O-O Ng6 10.
Qd2 Na6 11. a3 Nc7 12. b4 b6 13. Rb1 Qf6 14. Ng3 Nf4 15. Nce2 g6 16. f3 g5 17. Rb2 Kh8 18. Nc3 Rg8 19.
Nd1 h5 20. Ne3 Ne8 21. Rb3 Bd7 22. Ngf5 Ng7 23. g3 Ng6 24. Qg2 Nxf5 25. exf5 Ne7 26. Qh3 Rg7 27. Ng4 1-0

[Event "SS Manhem Chess Week 2022: IM Tournament"]
[Site "Schackcentrum, Vegagatan 20, Gothenburg, Sweden"]
[Date "2022.08.07"]
[Round "3.4"]
[White "Kucuksari, Kaan"]
[Black "Ingebretsen, Jens E"]
[Result "1-0"]
[TimeControl "90 minutes for 40 moves + 30 minutes for the rest of the game + 30 seconds per move from move one."]
[WhiteTitle "FM"]
[BlackTitle "FM"]
[WhiteFideId "6380166"]
[BlackFideId "1522965"]
[WhiteElo "2398"]
[BlackElo "2325"]

1. d4 d5 2. Nf3 Nf6 3. c4 c6 4.
Qc2 dxc4 5. Qxc4 Bf5 6. g3 e6 7. Bg2 Nbd7 8. O-O Be7 9. e3 O-O 10. Rd1 Rc8 11. Qe2 c5 12. Nc3 Ne4 13.
Bd2 Qb6 14. Ne5 Nxe5 15. dxe5 Nxd2 16. Rxd2 c4 17. Qf3 Qa5 18. Rd7 Bb4 19. e4 Bg6 20. a3 b5 21. h4 f5 22. exf5 Bxf5 23. Qe3 Bc5 24. Qg5 Bg6 25.
Ne4 Qb6 26. Rf1 Rf5 27. Qd2 Rxe5 28. Qc3 Qb8 29. Nxc5 Rcxc5 30. f4 Qc8 31. Rxa7 Rcd5 32. Bxd5 Qc5+ 33. Rf2 Qxa7 34. Qxe5 exd5 35.
Qxd5+ Kf8 36. f5 Be8 37. Qd6+ Kg8 38. Qe6+ Kf8 39. f6 g6 40. Qd6+ Kf7 41. Qd5+ Kf8 42. Qd2 Kf7 43. Kh2 Qc5 44.
Re2 Bc6 45. Qf4 1-0

[Event "SS Manhem Chess Week 2022: IM Tournament"]
[Site "Schackcentrum, Vegagatan 20, Gothenburg, Sweden"]
[Date "2022.08.07"]
[Round "3.5"]
[White "Ernst, Thomas"]
[Black "Olsson, William"]
[Result "1-0"]
[TimeControl "90 minutes for 40 moves + 30 minutes for the rest of the game + 30 seconds per move from move one."]
[WhiteTitle "GM"]
[BlackTitle "FM"]
[WhiteFideId "1700065"]
[BlackFideId "1741721"]
[WhiteElo "2323"]
[BlackElo "2311"]

1. e4 c5 2. Nf3 d6 3. d4 cxd4 4. Nxd4 Nf6 5. Nc3 g6 6. Be3 Bg7 7. f3 O-O 8. Qd2 Nc6 9. O-O-O d5 10.
exd5 Nxd5 11. Nxc6 bxc6 12. Bd4 Bxd4 13. Qxd4 Qb6 14. Na4 Qa5 15. b3 Rb8 16. Qc5 Qb4 17. Qxb4 Rxb4 18. c4 Ne3 19. Re1 Nf5 20. Bd3 Rb7 21.
Nc5 Rc7 22. Bxf5 gxf5 23. Rd1 Kg7 24. Rd2 e5 25. Rhd1 Re8 26. Rd6 Be6 27. Kc2 Kf6 28. Kc3 Ke7 29. R1d2 a5 30. Na4 h5 31.
c5 Rg8 32. Nb6 h4 33. Nc4 Bxc4 34. Kxc4 Rg6 35. a3 Re6 36. b4 axb4 37. axb4 e4 38. R6d4 Ra7 39. Re2 exf3 40. Rxe6+ fxe6 41.
gxf3 Ra3 42. Rd6 h3 43. Rxc6 Ra2 44. Rc7+ Kf6 45. b5 Rxh2 46. Rh7 Rc2+ 47. Kb4 h2 48. c6 Ke5 49. Ka5 Kd6 50.
Kb6 e5 51. Rh6 Ke7 52. Kb7 e4 53. fxe4 fxe4 54. c7 e3 55. Rxh2 Rxh2 56. c8=Q e2 57. Qc5 Kd7 58. Qd4 Ke6 59.
Qe3+ 1-0

[Event "SS Manhem Chess Week 2022: IM Tournament"]
[Site "Schackcentrum, Vegagatan 20, Gothenburg, Sweden"]
[Date "2022.08.08"]
[Round "4.1"]
[White "Rydstrom, Tom"]
[Black "Pantzar, Milton"]
[Result "0-1"]
[TimeControl "90 minutes for 40 moves + 30 minutes for the rest of the game + 30 seconds per move from move one."]
[WhiteTitle "FM"]
[BlackTitle "IM"]
[WhiteFideId "1714830"]
[BlackFideId "1721003"]
[WhiteElo "2304"]
[BlackElo "2447"]

1. e4 e5 2. Nf3 d6 3. Nc3 Nf6 4. d4 exd4 5. Qxd4 Nc6 6. Bb5 Be7 7. O-O O-O 8. Bxc6 bxc6 9. Bf4 Bg4 10.
Qd3 Bxf3 11. Qxf3 Nd7 12. Rad1 Bf6 13. b3 Re8 14. Rfe1 Ne5 15. Bxe5 Rxe5 16. Qd3 Qe7 17. f4 Re6 18.
Nb1 Re8 19. Nd2 g6 20. Rf1 c5 21. Rf3 Qd7 22. Rdf1 Bd4+ 23. Kh1 f5 24. exf5 Re3 25. Rxe3 Rxe3 26. Qa6 Qxf5 27. Nf3 Bf6 28.
Qxa7 Re7 29. a4 Qxc2 30. a5 Qxb3 31. h4 Qb5 32. Rf2 Qc6 33. a6 Re8 34. Ra2 Kf7 35. Nd2 Ra8 36. Qb7 Qxb7 37. axb7 Rb8 38. Ra7 Bxh4 39.
Nc4 Be1 40. g4 Ke6 41. Ne3 Bc3 42. f5+ gxf5 43. gxf5+ Kd7 44. Nd5 Be5 45. f6 Bxf6 46. Nxf6+ Kc6 47. Nxh7 Rxb7 48. Rxb7 Kxb7 49. Kg2 Kc6 50. Kf2 Kb5 51.
Ke2 Kb4 52. Kd2 Kb3 53. Nf6 c4 54. Ne4 Kb2 55. Nc3 c6 56. Nd1+ Kb3 57. Nc3 d5 58. Ne2 c5 59. Nc3 d4 60.
Ne4 c3+ 61. Kc1 Kb4 62. Kc2 c4 63. Kc1 d3 64. Kb1 Kb3 65. Nc5+ Kb4 66. Ne4 c2+ 67. Kc1 Kb3 68. Nc5+ Kc3 69.
Ne4+ Kd4 70. Nd2 Kd5 71. Nf1 Ke4 72. Nd2+ Kd4 73. Nf3+ Ke3 74. Nd2 c3 75. Nf1+ Kf2 0-1

[Event "SS Manhem Chess Week 2022: IM Tournament"]
[Site "Schackcentrum, Vegagatan 20, Gothenburg, Sweden"]
[Date "2022.08.08"]
[Round "4.2"]
[White "Johnson, Daniel"]
[Black "Heimisson, Hilmir Freyr"]
[Result "1-0"]
[TimeControl "90 minutes for 40 moves + 30 minutes for the rest of the game + 30 seconds per move from move one."]
[BlackTitle "IM"]
[WhiteFideId "1721283"]
[BlackFideId "2309998"]
[WhiteElo "2207"]
[BlackElo "2323"]

1. d4 d5 2. c4 e6 3. Nc3 c5 4. cxd5 exd5 5. Nf3 Nf6 6. g3 Nc6 7. Bg2 cxd4 8. Nxd4 Bc5 9. Nxc6 bxc6 10.
O-O O-O 11. Na4 Bb6 12. b3 Re8 13. Bb2 Bg4 14. Re1 h5 15. Rc1 Rc8 16. Nxb6 axb6 17. h3 Bf5 18. Qd2 Ne4 19. Qf4 Qd7 20.
g4 hxg4 21. hxg4 Bg6 22. f3 Nc5 23. Kf2 Qe7 24. Qd4 f6 25. b4 Na4 26. Ba1 Qd7 27. e3 c5 28. bxc5 bxc5 29. Qf4 Re7 30.
g5 fxg5 31. Qxg5 Rc6 32. Rh1 d4 33. exd4 Rce6 34. Bf1 Bf7 35. Bc4 cxd4 36. Rcg1 Be8 37. Qh6 1-0

[Event "SS Manhem Chess Week 2022: IM Tournament"]
[Site "Schackcentrum, Vegagatan 20, Gothenburg, Sweden"]
[Date "2022.08.08"]
[Round "4.3"]
[White "Mitusov, Semen"]
[Black "Ingebretsen, Jens E"]
[Result "1/2-1/2"]
[TimeControl "90 minutes for 40 moves + 30 minutes for the rest of the game + 30 seconds per move from move one."]
[WhiteTitle "FM"]
[BlackTitle "FM"]
[WhiteFideId "14151049"]
[BlackFideId "1522965"]
[WhiteElo "2415"]
[BlackElo "2325"]

1. e4 e5 2. Nf3 Nc6 3. Bc4 Nf6 4. d3 Bc5 5. c3 a5 6. Nbd2 d6 7. Nf1 Be6 8. Bb5 O-O 9. Ng3 Qb8 10.
O-O Qa7 11. h3 h6 12. Ba4 Rad8 13. Qe2 Ne7 14. Nh4 Ng6 15. Nxg6 fxg6 16. Be3 c6 17. Bxc5 Qxc5 18. Rfd1 Qb6 19.
d4 Nh7 20. d5 Bc8 21. dxc6 bxc6 22. Bb3+ Kh8 23. Rd2 Rf6 24. Rad1 Rdf8 25. Nh1 Qc7 26. h4 g5 27. h5 g4 28.
Qe3 Ng5 29. Ng3 Rd8 30. a4 Rdf8 31. Bc4 Qb8 32. Rb1 Rf4 33. Rbd1 d5 34. Bd3 Be6 35. Bc2 R8f6 36. Rf1 Bg8 37.
Re1 Qf8 38. Ree2 d4 39. Qd3 Nf3+ 40. gxf3 Rxf3 41. cxd4 Rxd3 42. Bxd3 Rf3 43. dxe5 Qc5 44. Nf5 Qxe5 45. Bc2 c5 46.
Kg2 c4 47. Bb1 Rb3 48. Rd8 Rh3 49. Ng3 Kh7 50. Rf8 Be6 51. Re8 g6 52. Rd2 gxh5 53. Re7+ Kg6 54. Rd6 Rxg3+ 55. Kf1 Qxb2 56.
Rexe6+ Kf7 57. Rf6+ 1/2-1/2

[Event "SS Manhem Chess Week 2022: IM Tournament"]
[Site "Schackcentrum, Vegagatan 20, Gothenburg, Sweden"]
[Date "2022.08.08"]
[Round "4.4"]
[White "Olsson, William"]
[Black "Kucuksari, Kaan"]
[Result "0-1"]
[TimeControl "90 minutes for 40 moves + 30 minutes for the rest of the game + 30 seconds per move from move one."]
[WhiteTitle "FM"]
[BlackTitle "FM"]
[WhiteFideId "1741721"]
[BlackFideId "6380166"]
[WhiteElo "2311"]
[BlackElo "2398"]

1. c4 f5 2. Nc3 Nf6 3. Nf3 g6 4. g3 Bg7 5. Bg2 O-O 6. O-O d6 7. d4 Qe8 8. d5 Na6 9. Be3 Bd7 10.
Rc1 h6 11. a3 c5 12. Ne1 g5 13. Bd2 Nc7 14. b4 b6 15. Nd3 Qg6 16. f3 e6 17. bxc5 bxc5 18. f4 exd5 19. Nxd5 Ncxd5 20. cxd5 Rfe8 21. Nf2 Rab8 22. e3 Qf7 23. Ba5 Rxe3 24. Bc7 Rb2 25. Bxd6 Ree2 26. fxg5 Ne4 27. Bxe4 fxe4 28. Bxc5 Qf3 29.
Rb1 Bh3 30. Rxb2 Qg2# 0-1

[Event "SS Manhem Chess Week 2022: IM Tournament"]
[Site "Schackcentrum, Vegagatan 20, Gothenburg, Sweden"]
[Date "2022.08.08"]
[Round "4.5"]
[White "Jacobsen, Mikkel Manosri"]
[Black "Ernst, Thomas"]
[Result "1-0"]
[TimeControl "90 minutes for 40 moves + 30 minutes for the rest of the game + 30 seconds per move from move one."]
[WhiteTitle "FM"]
[BlackTitle "GM"]
[WhiteFideId "1444514"]
[BlackFideId "1700065"]
[WhiteElo "2320"]
[BlackElo "2323"]

1. d4 Nf6 2. c4 g6 3. Nc3 d5 4. cxd5 Nxd5 5. e4 Nxc3 6. bxc3 Bg7 7. Qa4+ Qd7 8. Qa3 b6 9. Nf3 c5 10.
Be3 cxd4 11. cxd4 Bb7 12. Bd3 Nc6 13.
O-O Nxd4 14. Bxd4 Bxd4 15. Nxd4 Qxd4 16. Bb5+ Kf8 17. Rad1 Qxe4 18. f3 Qh4 19. Qc3 Qf6 20. Qc7 Bc8 21. Bc6 Ba6 22. Bxa8 Bxf1 23. Kxf1 Kg7 24. Qxa7 Qe5 25. Be4 Qxh2 26.
Qxb6 Rb8 27. Qg1 Qf4 28. Qf2 f5 29. Qd4+ Kh6 30. Bc2 Qxd4 31. Rxd4 Rb2 32. Bb3 Kg5 33. Rb4 e5 34. a4 e4 35.
fxe4 fxe4 36. a5 Kf4 37. a6 Ke3 38. Kg1 g5 39. a7 g4 1-0